 Dungeon Crawl Stone Soup version 0.29.1-12-g30fa7ad0bf (webtiles) character file.

Game seed: 2452950612984180808

55 hawla the Chiller (level 4, -1/33 HPs)
             Began as a Meteoran Ice Elementalist on Dec 15, 2022.
             Slain by a phantom (4 damage)
             ... on level 4 of the Dungeon.
             The game lasted 00:03:53 (411 turns).

hawla the Chiller (Meteoran Ice Elementalist)        Turns: 411, Time: 00:03:54

Health: -1/33      AC:  2    Str:  9    XL:     4   Next: 36%
Magic:  7/10       EV: 12    Int: 19    God:
Gold:   85         SH:  0    Dex: 14    Spells: 6/10 levels left

rFire   . . .      SeeInvis .   (no weapon)
rCold   + . .      Faith    .   (no shield)
rNeg    . . .      Spirit   .   a - +0 robe
rPois   .          Reflect  .   (no helmet)
rElec   .          Harm     .   (no cloak)
rCorr   .          Rampage  .   (no gloves)
Will    .....                   (no boots)
Stlth   +.........              (no amulet)
HPRegen 0.11/turn               f - ring of protection from cold
MPRegen 0.12/turn               (no ring)

@: about to teleport, weak-willed, glowing
A: sense surroundings 1, otherworldly, glowing, explore regen
a: no special abilities


You were on level 4 of the Dungeon.
You visited 1 branch of the dungeon, and saw 4 of its levels.

You collected 85 gold pieces.

Inventory:

Armour
 a - a +0 robe (worn)
Jewellery
 f - a ring of protection from cold (left hand)
Scrolls
 c - a scroll of identify
Potions
 b - a potion of magic


   Skills:
 + Level 2.6 Dodging
 - Level 1.4 Stealth
 + Level 3.6 Spellcasting
 + Level 5.3 Ice Magic


You had 6 spell levels left.
You knew the following spells:

 Your Spells              Type           Power      Damage    Failure   Level
a - Freeze                Ice            92%        1d10      1%          1
b - Frozen Ramparts       Ice            46%        1d7       4%          3

Your spell library contained the following spells:

 Spells                   Type           Power      Damage    Failure   Level
 Ozocubu's Armour         Ice            23%        N/A       4%          3
 Conjure Flame            Conj/Fire      3%         6-21      41%         3
 Ignite Poison            Fire/Tmut/Pois 3%         N/A       41%         3
 Hailstorm                Conj/Ice       13%        3d5       43%         4
 Sticky Flame             Conj/Fire      3%         2d3       82%         4
 Iskenderun's Battlesphe  Conj           3%         2d6       99%         5
 Iron Shot                Conj/Erth      1%         9d1       100%        6
 Spellforged Servitor     Conj/Summ      1%         N/A       100%        7


Dungeon Overview and Level Annotations

Branches:
Dungeon (4/15) Zot: 1983
 Temple: D:4-7

Altars:
Qazlal

Annotations:
D:4 Natasha


Innate Abilities, Weirdness & Mutations

You passively map a small area around you.
You are easily found by Zot.
You glow in the dark.
You regain HP and MP as you explore.


Message History

Natasha casts a spell at you. The magic dart hits you.
The phantom attacks as you move away! The phantom hits you.
Casting: Freeze (safe; 1% risk of failure)
Confirm with . or Enter, or press ? or * to list all spells.
Casting: Frozen Ramparts (dangerous; 4% risk of failure)
Press: ? - help, Dir - look around, f - activate The walls around you are covered in ice.
The phantom completely resists.
The wall freezes the phantom but does no damage.
The phantom hits you but does no damage.
You hit the phantom.
The phantom is severely damaged.
Natasha casts a spell.
The phantom completely resists.
The wall freezes the phantom but does no damage.
The phantom hits you.
The phantom blinks!
You blink.
The frozen ramparts melt away as you move.
You barely miss the phantom.
The phantom is severely damaged.
The phantom hits you.
The phantom blinks!
You blink.
Natasha extends her claws.
Natasha casts a spell.
Unknown command.
Unknown command.
As you read the scroll labelled DAKI GEBRUM, it crumbles to dust.
Magic quickly surges around you.
It was a scroll of vulnerability.
The phantom hits you.
* * * LOW HITPOINT WARNING * * *
The goblin barely misses you. The crimson imp barely misses you.
As you read the scroll labelled JAOMOI SAATT, it crumbles to dust.
You feel strangely unstable.
It was a scroll of teleportation.
The phantom barely misses you. The goblin hits you but does no damage.
Natasha closely misses you. The crimson imp hits you.
* * * LOW HITPOINT WARNING * * *
Okay, then.
The crimson imp attacks as you move away!
The crimson imp misses you. The phantom attacks as you move away!
The phantom hits you.
You die...

W######## #. , * ,
.* * ##. * ( * ,
.... # , ####>.###
, , ... ...# ,,
#.###.###### # *
#..........# *
#.### ###...h†...#
....#*##...5g@...#
#..##......5W..#
#..........$..# *,
###..........##
#†.........# *,
##.........# *
##.......##
#.........#
#.........#


You could see a phantom (weak-willed), Natasha (weak-willed), 2 crimson imps and
a goblin (weak-willed).

Vanquished Creatures
  An iguana (D:4)
  A dart slug (D:4)
  An orc (D:4)
  4 endoplasms
  3 hobgoblins
  A jackal (D:1)
  A quokka (D:3)
  4 ball pythons
  2 bats (D:1)
  A frilled lizard (D:1)
  4 kobolds
  5 rats
28 creatures vanquished.

Notes
Turn   | Place    | Note
-------+----------+-------------------------------------------
     0 | D:1      | hawla the Meteoran Ice Elementalist began the quest for the
                  | Orb.
     0 | D:1      | Reached XP level 1. HP: 14/14 MP: 5/5
    16 | D:1      | Reached XP level 2. HP: 9/20 MP: 0/6
    91 | D:1      | Reached skill level 5 in Ice Magic
   116 | D:2      | Found a stormy altar of Qazlal.
   154 | D:2      | Reached XP level 3. HP: 25/26 MP: 6/8
   158 | D:2      | Learned a level 3 spell: Frozen Ramparts
   330 | D:4      | Noticed a phantom
   360 | D:4      | Reached XP level 4. HP: 25/33 MP: 4/10
   376 | D:4      | Noticed Natasha
   411 | D:4      | Slain by a phantom

Illustrated notes

Levels and vault maps discovered:
D:1:      dpeg_arrival_pond, layout_rooms, minmay_misc_feat_secret_circle,
          minmay_pentomino_p4
D:2:      layout_loops_ring, basic_altar,
          chequers_ecumenical_altar_simple_redux,
          minmay_randomly_rotated_circles, uniq_sigmund
D:3:      layout_loops_corners, minmay_quadrilaterals, uniq_robin
D:4:      layout_rooms, uniq_natasha

Skill      XL: |  1  2  3 |
---------------+----------+-----
Ice Magic      | 5 |  5.3
Spellcasting   | 3 |  3.6
Dodging        | |  2.6
Stealth        | |  1.4

Action                   |  1- 3 |  4- 6 || total
-------------------------+-------+-------++-------
Melee: Unarmed           |    11 |     8 ||    19
 Cast: Freeze            |    28 |     3 ||    31
       Frozen Ramparts   |     2 |     1 ||     3
  Use: Scroll            |       |     4 ||     4
       Potion            |       |     2 ||     2
Armor: Robe              |     9 |     5 ||    14
Dodge: Dodged            |    29 |    18 ||    47
